Construct Infanterie Kompanie
Selects Mechanized Battlegroup
Construct Luftwaffe Kompanie
Selects StuG Assault Group
Selects Mobile Repair Stations
Construct Panzer Kompanie
Selects UNKNOWN (2160084)
Selects Wespe Self-propelled Artillery
Wespe Self-propelled Artillery
Wespe Self-propelled Artillery
Selects Zeroing Artillery Barrage
Zeroing Artillery Barrage
Zeroing Artillery Barrage
Zeroing Artillery Barrage